 Dungeon Crawl Stone Soup version 0.26.1-2-gb8aa6d0cf2 (webtiles) character file.

Game seed: 10664635054520064747

2461 Groucho the Covert (level 9, -4/39 HPs)
             Began as a Spriggan Enchanter on Feb 17, 2021.
             Was an Initiate of Kikubaaqudgha.
             Killed by divine providence
             ... invoked by an orc priest
              (14 damage)
             ... on level 7 of the Dungeon.
             The game lasted 00:24:50 (15053 turns).

Groucho the Covert (Spriggan Enchanter)            Turns: 15053, Time: 00:24:51

Health: -4/39      AC:  4    Str:  7    XL:     9   Next: 26%
Magic:  28/30      EV: 18    Int: 17    God:    Kikubaaqudgha [......]
Gold:   411        SH:  0    Dex: 16    Spells: 11/23 levels left

rFire    . . .     SeeInvis +   k - +2 dagger (venom)
rCold    . . .     Faith    .   (shield restricted)
rNeg     . . .     Spirit   .   b - +0 robe
rPois    .         Reflect  .   (helmet restricted)
rElec    .         Harm     .   t - +1 cloak
rCorr    .         Rampage  .   (gloves unavailable)
Will     ++...                  (boots unavailable)
Stlth    ++++++....             i - amulet of regeneration
HPRegen  0.53/turn              m - ring of magical power
MPRegen  0.22/turn              F - ring of willpower

@: very quick
A: very small, unfitting armour, see invisible, speed 3
a: Renounce Religion


You were on level 7 of the Dungeon.
You worshipped Kikubaaqudgha.
Kikubaaqudgha was noncommittal.
You visited 2 branches of the dungeon, and saw 8 of its levels.

You collected 411 gold pieces.

Inventory:

Hand Weapons
 a - a +1 dagger
 k - a +2 dagger of venom (weapon)
 y - a +3 dagger
Missiles
 c - 208 stones
 d - 14 poisoned darts (quivered)
 p - a throwing net
 q - 4 boomerangs
 x - 7 boomerangs of dispersal
Armour
 b - a +0 robe (worn)
 t - a +1 cloak (worn)
Jewellery
 i - an amulet of regeneration (around neck)
 m - a ring of magical power (left hand)
 F - a ring of willpower (right hand)
 I - a cursed -4 ring of dexterity {unknown}
Wands
 u - a wand of polymorph (11)
 w - a wand of flame (11)
 A - a wand of iceblast (6)
 B - a wand of disintegration (15)
 H - a wand of random effects (23)
 J - a wand of acid (6)
Scrolls
 g - 3 scrolls of enchant armour
 h - 2 scrolls of identify
 j - 2 scrolls of amnesia
 l - 3 scrolls of teleportation
 n - 4 scrolls of remove curse
 r - 2 scrolls of magic mapping
 s - a scroll of random uselessness {unknown}
 v - a scroll of blinking {unknown}
 C - a scroll of noise {unknown}
 E - a scroll of immolation {unknown}
 G - a scroll of torment {unknown}
Potions
 e - 2 potions of degeneration
 f - 2 potions of might
 o - a potion of lignification {unknown}
 z - a potion of heal wounds
 D - a potion of brilliance {unknown}
 K - a potion of magic {unknown}
 L - a potion of curing
 M - a potion of haste {unknown}


   Skills:
 - Level 1.1 Short Blades
 - Level 3.0 Dodging
 * Level 14.0 Stealth
 + Level 7.7 Spellcasting
 + Level 8.2 Hexes


You had 11 spell levels left.
You knew the following spells:

 Your Spells              Type           Power        Failure   Level
a - Corona                Hex            37%          1%          1
b - Ensorcelled Hibernat  Hex/Ice        40%          3%          2
c - Confusing Touch       Hex            34%          1%          3
d - Tukima's Dance        Hex            34%          1%          3
e - Dazzling Flash        Conj/Hex       40%          6%          3

Your spell library contained the following spells:

 Spells                   Type           Power        Failure   Level
 Magic Dart               Conj           24%          11%         1
 Sting                    Tmut/Pois      24%          11%         1
 Poisonous Vapours        Pois/Air       12%          16%         2
 Searing Ray              Conj           12%          16%         2
 Fulminant Prism          Conj/Hex       10%          21%         4
 Ignite Poison            Fire/Tmut/Pois 6%           32%         3
 Mephitic Cloud           Conj/Pois/Air  6%           32%         3
 Iskenderun's Mystic Bla  Conj/Tloc      6%           71%         4
 Olgreb's Toxic Radiance  Pois           6%           71%         4


Dungeon Overview and Level Annotations

Branches:
Dungeon (7/15)             Temple (1/1) D:7

Altars:
Ashenzari
Cheibriados
Dithmenos
Elyvilon
Fedhas
Gozag
Hepliaklqana
Kikubaaqudgha
Makhleb
Nemelex Xobeh
Okawaru
Qazlal
Ru
Sif Muna
Trog
Uskayaw
Vehumet
Wu Jian
Xom
Yredelemnul
Zin
The Shining One

Shops:
D:7 (

Annotations:
D:7 3 runed translucent doors, Cykl0x's ghost, novice MiFi; Menkaure


Innate Abilities, Weirdness & Mutations

You are very small and have problems with some larger weapons.
You are too small for most types of armour.
You have supernaturally acute eyesight. (SInv)
You cover ground extremely quickly.


Message History

Menkaure shouts!
The orc warrior barely misses you.
You hear a shout!
Hit: k) +2 dagger (venom)
Press: ? - help, Dir - move target, f - orc warrior
Aim: an orc warrior, wielding a +0 glaive and wearing a +0 chain mail (confused)
Okay, then.
Found a metallic orange potion.
An orc comes into view. It is wielding a +3 mace.
The orc shouts!
The orc priest mumbles some strange prayers to Beogh against you.
Beogh smites you!
* * * LOW HITPOINT WARNING * * *
An orc comes into view.
An orc wizard and a phantom come into view.
The orc wizard shouts!
The orc priest invokes the aid of Beogh against you.
Beogh smites you!
You die...
Kikubaaqudgha rasps: "You have failed me!
Welcome... death!"

....................###..<....,,,
.##.#..#######.........o.#..##*,*
..#.>#.## #...#.....o......,,,
........######...#..o.........,,,
#.............................,,,
###.....######................,,,
..###.....# #........o.......,,,
....##..#.####............(.M.,,,
#....#..#.......@.............,,,
##.(5#.##..##...##.....r...)..,,,
(#...+.......∩.##.............,,,
$#(..+.................?.....,,,,
##...+................o!o...,,,,,
#....#.................o...,,,,,,
#...Y#..................W.,,,,,,,
....##...................,,,,,,,,
...##................,,.,,,,,,,,,


You could see an orc warrior (confused), an orc priest, an orc wizard, 3 orcs
and a quokka.

Vanquished Creatures
  Pikel (D:4)
  Grinder (D:3)
  Edmund (D:6)
  A sky beast (D:7)
  A black bear (D:5)
  A phantom (D:5)
  An ice beast (D:6)
  A centaur (D:6)
  3 lemures (D:3)
  A big kobold (D:6)
  Blork the orc (D:4)
  A bullfrog (D:6)
  A water moccasin skeleton (D:6)
  5 wights (Temple)
  A howler monkey (D:5)
  Crazy Yiuf (D:3)
  A hound (D:4)
  3 jellies
  2 orc priests
  4 orc wizards
  A centaur skeleton (D:5)
  Jessica (D:3)
  Ijyb (D:4)
  Terence (D:3)
  2 worker ants
  2 hound skeletons
  Robin (D:3)
  4 gnolls
  12 adders
  A shadow imp (D:7)
  A white imp (D:5)
  An adder zombie (D:6)
  6 worms
  A dart slug (D:2)
  2 leopard geckos
  25 orcs
  2 ball pythons
  5 bats
  3 giant cockroaches
  14 goblins
  6 hobgoblins
  15 jackals
  A quokka (D:2)
  2 frilled lizards
  A jackal zombie (D:7)
  12 kobolds
  3 rats
158 creatures vanquished.

Notes
Turn   | Place    | Note
-------+----------+-------------------------------------------
     0 | D:1      | Groucho the Spriggan Enchanter began the quest for the Orb.
     0 | D:1      | Reached XP level 1. HP: 9/9 MP: 5/5
   106 | D:1      | Reached skill level 5 in Stealth
   491 | D:1      | Reached XP level 2. HP: 11/13 MP: 6/6
   496 | D:1      | Learned a level 2 spell: Ensorcelled Hibernation
  1277 | D:2      | Reached skill level 6 in Stealth
  1546 | D:1      | Reached XP level 3. HP: 13/16 MP: 1/8
  2960 | D:2      | Found a faded altar of an unknown god.
  3462 | D:2      | Reached XP level 4. HP: 21/21 MP: 9/9
  3592 | D:2      | Reached skill level 7 in Stealth
  4588 | D:3      | Noticed Robin
  4599 | D:4      | Noticed Pikel
  4599 | D:4      | Noticed a lemure
  4599 | D:4      | Noticed a lemure
  4599 | D:4      | Noticed a lemure
  4599 | D:4      | Noticed a lemure
  4996 | D:3      | Noticed Terence
  5684 | D:3      | Found a runed translucent door.
  5685 | D:3      | Noticed Crazy Yiuf
  5692 | D:3      | Killed Crazy Yiuf
  5693 | D:3      | Reached XP level 5. HP: 24/24 MP: 11/11
  5921 | D:3      | Killed Terence
  5922 | D:3      | Reached skill level 8 in Stealth
  6437 | D:3      | Killed Robin
  6611 | D:3      | Noticed Grinder
  6631 | D:3      | HP: 1/24 [Grinder/nerve-wracking pain (11)]
  6642 | D:3      | Killed Grinder
  6643 | D:3      | Reached skill level 9 in Stealth
  6643 | D:3      | Reached skill level 5 in Hexes
  6643 | D:3      | Reached XP level 6. HP: 28/28 MP: 13/13
  7085 | D:3      | Noticed Jessica
  7092 | D:3      | Killed Jessica
  7416 | D:2      | Learned a level 3 spell: Confusing Touch
  7420 | D:2      | Learned a level 3 spell: Tukima's Dance
  7424 | D:2      | Learned a level 3 spell: Dazzling Flash
  8457 | D:4      | Killed Pikel
  8458 | D:4      | Reached skill level 11 in Stealth
  8458 | D:4      | Reached skill level 5 in Spellcasting
  8458 | D:4      | Reached XP level 7. HP: 32/32 MP: 12/16
  8819 | D:4      | Noticed Blork the orc
  8820 | D:4      | Noticed Ijyb
  8833 | D:4      | Killed Blork the orc
  8833 | D:4      | HP: 1/32 [Ijyb/iceblast (22)]
  8839 | D:4      | Killed Ijyb
  8840 | D:4      | Reached XP level 8. HP: 1/36 MP: 8/17
 10014 | D:5      | Entered Level 5 of the Dungeon
 10156 | D:5      | Found an iron altar of Okawaru.
 10226 | D:5      | Found a stormy altar of Qazlal.
 10229 | D:5      | Noticed an air elemental
 10347 | D:5      | Reached skill level 12 in Stealth
 12841 | D:6      | Reached skill level 13 in Stealth
 12933 | D:6      | Noticed Edmund
 12945 | D:6      | Killed Edmund
 12998 | D:6      | HP: 1/36 [acid (13)]
 13019 | D:6      | Reached XP level 9. HP: 33/39 MP: 20/20
 13672 | D:7      | Found a staircase to the Ecumenical Temple.
 13682 | Temple   | Entered the Ecumenical Temple
 14007 | Temple   | Became a worshipper of Kikubaaqudgha
 14893 | D:7      | Noticed Cykl0x's ghost (novice MiFi)
 14937 | D:7      | Found a runed translucent gate.
 14942 | D:7      | Found a runed translucent gate.
 14943 | D:7      | Found a runed translucent gate.
 14943 | D:7      | Found Iwnoc's Weapon Shoppe.
 14985 | D:7      | Reached skill level 14 in Stealth
 15046 | D:7      | Noticed Menkaure
 15053 | D:7      | Killed from afar by an orc priest

Illustrated notes

Levels and vault maps discovered:
D:1:      minmay_arrival_shattered_statue, layout_rooms, roderic_malta_cross
D:2:      layout_basic, chequers_ecumenical_altar_island
D:3:      cheibrodos_helix_gallery, layout_loops_cross, minmay_misc_feat_five,
          uniq_crazy_yiuf_cottage, uniq_grinder, uniq_jessica, uniq_robin,
          uniq_terence
D:4:      layout_loops_ring, uniq_blork_the_orc, uniq_ijyb, uniq_pikel
D:5:      layout_loops_ring, nicolae_qazlal_style_of_elements, okawaru_trees_1
D:6:      cheibrodos_iron_armory, layout_loops_ring, eino_tiny_chamber,
          uniq_edmund
D:7:      layout_rooms, minmay_temple_entry_tees, serial_shops, shop,
          gammafunk_ghost_icy, wad_floor_pattern_2, trog_three_pillars_becter,
          uniq_menkaure
Temple:   nicolae_temple_the_god_donut

Skill      XL: |  1  2  3  4  5  6  7  8  9 |
---------------+----------------------------+-----
Stealth        | 5 6 7 9 11 13 14 | 14.0
Spellcasting   | 3 4 5 7 |  7.7
Hexes          | 4 5 6 7 8 |  8.2
Short Blades   | |  1.1
Dodging        | |  3.0

Action                   |  1- 3 |  4- 6 |  7- 9 || total
-------------------------+-------+-------+-------++-------
Melee: Dagger            |   111 |    60 |   206 ||   377
Throw: Dart              |       |    35 |     5 ||    40
 Cast: Corona            |     1 |       |       ||     1
       Ensorcelled Hiber |    14 |    34 |    61 ||   109
       Confusing Touch   |       |       |    22 ||    22
  Use: Potion            |     1 |     1 |     3 ||     5
       Scroll            |       |       |     8 ||     8
 Stab: Sleeping          |    16 |    26 |    47 ||    89
       Confused          |       |       |    15 ||    15
       Distracted        |       |       |     1 ||     1
Armor: Robe              |     7 |    11 |    14 ||    32
Dodge: Dodged            |    97 |    59 |   154 ||   310
